 Dungeon Sprint DCSS version 0.31.0-12-g77e489cdc1 (webtiles) character file.

Game seed: 8933579033789868259

9 Groucho the Sneak (level 2, 0/13 HPs)
             Began as a Spriggan Earth Elementalist on Feb 11, 2024.
             Was a Believer of Sif Muna.
             Slain by a scorpion (6 damage)
             ... in the Dungeon (Sprint VII: "The Pits").
             The game lasted 00:02:03 (514 turns).

Groucho the Sneak (Spriggan Earth Elementalist)      Turns: 514, Time: 00:02:03

Health: 0/13       AC:  2    Str:  4    XL:     2   Next: 3%
Magic:  3/7        EV: 17    Int: 16    God:    Sif Muna [**....]
Gold:   0          SH:  0    Dex: 15    Spells: 6/7 levels left

rFire   . . .        h - +2 dagger
rCold   . . .        (no shield)
rNeg    . . .        a - +0 robe
rPois   .            (helmet restricted)
rElec   .            (no cloak)
rCorr   .            (gloves unavailable)
SInv    +            (boots unavailable)
Will    .....        (no amulet)
Stlth   +++          (no ring)
HPRegen 0.22/turn    (no ring)
MPRegen 0.10/turn

%: no teleportation
@: very quick
A: very small, no large weapons, unfitting armour, see invisible, speed 3
a: Renounce Religion, Channel Magic


You were in the Dungeon.
You worshipped Sif Muna.
Sif Muna was pleased with you.
You visited 1 branch

Inventory:

Hand Weapons
 h - a +2 dagger (weapon)
Armour
 a - a +0 robe (worn)
Scrolls
 g - a scroll of blinking
 j - 2 scrolls of vulnerability
 k - 5 scrolls of amnesia
 l - a scroll of butterflies
Potions
 b - 5 potions of magic
 c - a potion of curing
 d - a potion of heal wounds
 e - a potion of haste
 f - 3 potions of berserk rage
 i - 2 potions of invisibility


   Skills:
 + Level 1.1 Short Blades
 - Level 2.6 Dodging
 + Level 3.7 Stealth
 + Level 3.3 Spellcasting
 + Level 1.2 Conjurations
 * Level 3.4 Earth Magic
 + Level 1.0 Invocations


You had 6 spell levels left.
You knew the following spells:

 Your Spells              Type           Power      Damage    Failure   Level
a - Sandblast             Erth           26%        2d8       4%          1

Your spell library contained the following spells:

 Spells                   Type           Power      Damage    Failure   Level
 Passwall                 Erth           13%        N/A       13%         3
 Stone Arrow              Conj/Erth      20%        3d8       21%         3
 Brom's Barrelling Bould  Conj/Erth      10%        2d3       56%         4
 Petrify                  Alch/Erth      8%         N/A       65%         4


Dungeon Overview and Level Annotations

Branches:
Dungeon (1/1)

Altars:
Ashenzari
Cheibriados
Dithmenos
Elyvilon
Fedhas
Gozag
Hepliaklqana
Kikubaaqudgha
Makhleb
Nemelex Xobeh
Okawaru
Qazlal
Ru
Sif Muna
Trog
Uskayaw
Vehumet
Wu Jian
Xom
Yredelemnul
Zin
The Shining One
Jiyva
Lugonu


Innate Abilities, Weirdness & Mutations

You are very small and have problems with some larger weapons.
You are too small for most types of armour.
You have supernaturally acute eyesight. (SInv)
You cover ground extremely quickly. (Speed+++)


Message History

Unknown command.
You start resting.
Magic restored.
You start waiting.
Done waiting.
You start waiting.
A scorpion comes into view.
Aiming: Sandblast (safe; 4% risk of failure)
Press: ? - help, Q - select action, (/) - cycle Shift-Dir - straight line, f - scorpion
Aim: a scorpion (asleep, 100% to hit)
The blast of sand hits the scorpion.
The scorpion is lightly wounded.
A bat comes into view.
Unknown command.
Aiming: Sandblast (safe; 4% risk of failure)
Press: ? - help, Q - select action, (/) - cycle Shift-Dir - straight line, f/p - scorpion
Aim: a scorpion (lightly wounded, 82% to hit)
The blast of sand hits the scorpion.
The scorpion is moderately wounded.
The bat hits you.
Unknown command.
Unknown command.
Aiming: Sandblast (safe; 4% risk of failure)
Press: ? - help, Q - select action, (/) - cycle Shift-Dir - straight line, f/p - scorpion
Aim: a scorpion (moderately wounded, 82% to hit)
The blast of sand hits the scorpion.
The scorpion is severely wounded.
The bat closely misses you. The scorpion stings you!
Ouch! That really hurt!
The scorpion misses you.
Unknown command.
Unknown command.
Aiming: Sandblast (safe; 4% risk of failure)
Press: ? - help, Q - select action, (/) - cycle Shift-Dir - straight line, f/p - scorpion
Aim: a scorpion (severely wounded, 82% to hit)
The blast of sand hits the scorpion but does no damage.
The scorpion is severely wounded.
The bat barely misses you. The scorpion completely misses you.
The bat hits you but does no damage. The scorpion stings you.
You die...

##########'##..........
#..(.')))'.##......#..#
##########.##..........
#.......†.÷.'..........
+#####'#####......#..#
#. #...'.##..........
#.†#...#.#####'#####+
#..#####.##.......#
#..b@..#.##.......#
#..s..÷'.##.......#
#..########...<...# #..
#.......# #. #.......#
## #.......# #########


You could see a scorpion and a bat.

Vanquished Creatures
  An adder skeleton (D)
  A giant cockroach (D)
  A quokka (D)
  A ball python (D)
  A bat (D)
  A frilled lizard (D)
  A rat (D)
7 creatures vanquished.

Notes
Turn   | Place    | Note
-------+----------+-------------------------------------------
     0 | D        | Groucho the Spriggan Earth Elementalist began the quest for
                  | the Orb.
     0 | D        | Reached XP level 1. HP: 9/9 MP: 5/5
    39 | D        | Found a glowing golden altar of the Shining One.
    39 | D        | Found a glowing silver altar of Zin.
    39 | D        | Found a basalt altar of Yredelemnul.
    39 | D        | Found a shimmering altar of Xom.
    39 | D        | Found an ornate altar of the Wu Jian Council.
    39 | D        | Found a bloodstained altar of Trog.
    39 | D        | Found a shimmering blue altar of Sif Muna.
    39 | D        | Found a sacrificial altar of Ru.
    39 | D        | Found a stormy altar of Qazlal.
    39 | D        | Found an iron altar of Okawaru.
    39 | D        | Found a sparkling altar of Nemelex Xobeh.
    39 | D        | Found a burning altar of Makhleb.
    39 | D        | Found a viscous altar of Jiyva.
    39 | D        | Found a hazy altar of Hepliaklqana.
    39 | D        | Found an opulent altar of Gozag.
    39 | D        | Found a blossoming altar of Fedhas.
    39 | D        | Found a white marble altar of Elyvilon.
    39 | D        | Found a shadowy altar of Dithmenos.
    39 | D        | Found a snail-covered altar of Cheibriados.
    40 | D        | Found a radiant altar of Vehumet.
    40 | D        | Found a corrupted altar of Lugonu.
    41 | D        | Found an ancient bone altar of Kikubaaqudgha.
    41 | D        | Found a hide-covered altar of Uskayaw.
    41 | D        | Found a broken altar of Ashenzari.
    42 | D        | Became a worshipper of Sif Muna the Loreminder
    56 | D        | Reached skill level 1 in Conjurations
   264 | D        | Reached * piety under Sif Muna
   265 | D        | Reached skill level 1 in Short Blades
   311 | D        | Reached skill level 1 in Invocations
   311 | D        | Reached XP level 2. HP: 13/13 MP: 5/7
   311 | D        | Reached ** piety under Sif Muna
   510 | D        | Noticed a scorpion
   514 | D        | Slain by a scorpion

Illustrated notes

Levels and vault maps discovered:
D:        pitsprint [storerooms_1, entrance_room_1, metal_vault_4, armoury_2,
          mini_pit_1, grid_room_1, main_hall_1, silver_pit, the_coven_2,
          the_vestibule_1, steel_vault_2, golden_pit, hallway_of_sentries,
          crystal_vault_3, iron_vault_3, final_vault]

Skill      XL: |  1 |
---------------+----+-----
Spellcasting   | 3 |  3.3
Conjurations   | 1 |  1.2
Earth Magic    | 3 |  3.4
Short Blades   | 1 |  1.1
Invocations    | 1 |  1.0
Dodging        | |  2.6
Stealth        | |  3.7

Action                     || total
---------------------------++-------
   Cast: Sandblast         ||    15
 Armour: Robe              ||     5
  Dodge: Dodged            ||     7
